 Dungeon Crawl Stone Soup version 0.23.2-33-g5129a83184 (webtiles) character file.

Game seed: 4277261602446186802

5147 Folque the Chopper (level 10, -1/81 HPs)
             Began as a Centaur Skald on July 9, 2019.
             Was an Initiate of Wu Jian.
             Slain by a killer bee (3 damage)
             ... on level 8 of the Dungeon.
             The game lasted 00:28:54 (8752 turns).

Folque the Chopper (Centaur Skald)                  Turns: 8752, Time: 00:28:54

Health: -1/81      AC: 10    Str: 16    XL:     10   Next: 33%
Magic:  10/16      EV: 10    Int: 14    God:    Wu Jian [......]
Gold:   426        SH:  0    Dex:  8    Spells: 6/17 levels left

rFire    + + .     SeeInvis .   z - +0 war axe
rCold    . . .     Gourm    .   (no shield)
rNeg     . . .     Faith    .   J - +3 salamander hide armour {+Rage rF++}
rPois    .         Spirit   .   h - +0 helmet
rElec    .         Reflect  .   (no cloak)
rCorr    .         Harm     .   j - +0 pair of gloves
MR       .....                  (no barding)
Stlth    ..........             (no amulet)
HPRegen  0.23/turn              (no ring)
MPRegen  0.15/turn              (no ring)

@: lethally poisoned (-1 -> -9), singing, very quick
A: large, hooves 3, deformed body, speed 2, tough skin 3
a: Renounce Religion, Evoke Berserk Rage


You were on level 8 of the Dungeon.
You worshipped Wu Jian.
Wu Jian was noncommittal.
You were not hungry.

You visited 2 branches of the dungeon, and saw 9 of its levels.

You collected 426 gold pieces.

Inventory:

Hand Weapons
 a - a +0 hand axe
 z - a +0 war axe (weapon)
 F - a +0 blowgun
Missiles
 r - 11 poisoned needles
 w - 2 throwing nets
 A - 6 tomahawks (quivered)
Armour
 b - a +0 leather armour
 h - a +0 helmet (worn)
 j - a +0 pair of gloves (worn)
 y - a +2 robe of magic resistance
 J - the +3 salamander hide armour (worn) {+Rage rF++}
   (You found it on level 7 of the Dungeon)

   It greatly protects you from fire.
   It lets you go berserk.
Jewellery
 i - a +4 ring of strength {unknown}
 k - a +3 ring of dexterity {unknown}
 m - an uncursed ring of protection from cold {unknown}
 C - an uncursed amulet of the gourmand {unknown}
 G - an uncursed amulet of magic regeneration {unknown}
 L - an uncursed ring of resist corrosion {unknown}
Wands
 B - a wand of random effects (22)
 D - a wand of disintegration (8)
Scrolls
 c - a scroll of noise {unknown}
 e - 6 scrolls of identify
 f - 4 scrolls of fear {unknown}
 g - 3 scrolls of remove curse
 l - 4 scrolls of enchant weapon {unknown}
 o - a scroll of enchant armour {unknown}
 p - a scroll of amnesia {unknown}
 q - 4 scrolls of teleportation {unknown}
 s - a scroll of magic mapping {unknown}
 v - a scroll of immolation {unknown}
 E - a scroll of acquirement {unknown}
Potions
 n - 2 potions of agility
 t - a potion of brilliance {unknown}
 u - a potion of might {unknown}
 x - a potion of ambrosia {unknown}
 H - a potion of haste {unknown}
 I - a potion of cancellation
Comestibles
 d - 13 rations


   Skills:
 - Level 5.0 Fighting
 * Level 7.7 Axes
 * Level 3.8 Throwing
 - Level 3.0 Armour
 + Level 3.3 Dodging
 - Level 4.3 Spellcasting
 - Level 4.1 Hexes
 + Level 7.5 Charms
 * Level 3.9 Necromancy
 - Level 3.2 Translocations


You had 6 spell levels left.
You knew the following spells:

 Your Spells              Type           Power        Failure   Level  Hunger
a - Infusion              Chrm           ###.         1%          1    None
b - Shroud of Golubria    Chrm/Tloc      ###.......   3%          2    ##.....
c - Spectral Weapon       Hex/Chrm       ###.....     6%          3    ###....
d - Song of Slaying       Chrm           ###.....     1%          2    ##.....
e - Regeneration          Chrm/Necr      ###.......   6%          3    ###....

Your spell library contained the following spells:

 Spells                   Type           Power        Failure   Level  Hunger


Dungeon Overview and Level Annotations

Branches:
Dungeon (8/15)             Temple (1/1) D:7
   Lair: D:8-11

Altars:
Ashenzari
Elyvilon
Fedhas
Gozag
Hepliaklqana
Kikubaaqudgha
Makhleb
Nemelex Xobeh
Okawaru
Qazlal
Ru
Sif Muna
Trog
Uskayaw
Vehumet
Wu Jian
Xom
Yredelemnul
Zin
The Shining One
Lugonu

Shops:
D:5 (

Annotations:
D:3 exclusion: door


Innate Abilities, Weirdness & Mutations

You have hooves in place of feet.
Armour fits poorly on your strangely shaped body.
You cover ground very quickly.
You have extremely tough skin. (AC +3)


Message History

* * * LOW HITPOINT WARNING * * *
Unknown command.
Okay, then.
As you read the scroll labeled MOEFIL ZAEMP, it crumbles to dust.
You feel blessed for a moment.
It was a scroll of remove curse.
You feel sick. The killer bee barely misses you.
The killer bee closely misses you. The killer bee stings you!
* * * LOW HITPOINT WARNING * * *
The killer bee barely misses you. The killer bee closely misses you. x2
As you read the scroll labeled OLANAUSUICOM, it crumbles to dust.
It is a scroll of identify.
I - a potion of cancellation
* * * LOW HITPOINT WARNING * * *
You feel sick. The killer bee closely misses you. The killer bee stings you.
* * * LOW HITPOINT WARNING * * *
The killer bee stings you but does no damage.
A killer bee comes into view.
The killer bee stings you but does no damage.
The killer bee closely misses you. The killer bee stings you.
You die...

....
...##....yy....#
###
........#y.(.(.#
...###.y######...#
.. #.†..o.....## #
#oy##...... #yy#
###.. #yy# #yy#
#y@# #..# #...
#.### .. ###


You could see 9 killer bees and an orc.

Vanquished Creatures
  A two-headed ogre (D:7)
  A cyclops (D:7)
  Grinder (D:6)
  Sigmund (D:5)
  A wraith (D:7)
  A yak (D:7)
  2 black bears
  An orc warrior (D:8)
  4 ice beasts
  2 sky beasts
  2 ogres
  2 phantoms
  5 centaurs
  A gnoll sergeant (D:6)
  3 bullfrogs
  A big kobold (D:8)
  Blork the orc (D:4)
  2 scorpions
  6 killer bees
  2 howler monkeys
  6 crimson imps
  A jelly (D:8)
  2 centaur skeletons
  An orc priest (D:5)
  A bullfrog skeleton (D:5)
  A hound (D:4)
  2 orc wizards
  5 worker ants
  An iguana (D:6)
  A hound zombie (D:7)
  2 howler monkey skeletons
  A howler monkey zombie (D:6)
  13 gnolls
  12 adders
  An ooze (D:2)
  An adder zombie (D:7)
  2 adder skeletons
  A worm (D:4)
  3 leopard geckos
  17 orcs
  9 giant cockroaches
  8 goblins
  13 hobgoblins
  9 jackals
  12 kobolds
  3 quokkas
  A ball python (D:5)
  A ball python skeleton (D:6)
  8 bats
  2 frilled lizards (D:2)
  2 quokka skeletons (D:5)
  9 rats
191 creatures vanquished.

Vanquished Creatures (others)
  A quokka (D:2)
  4 spectral weapons
5 creatures vanquished.

Grand Total: 196 creatures vanquished

Notes
Turn   | Place    | Note
-------+----------+-------------------------------------------
     0 | D:1      | Folque the Centaur Skald began the quest for the Orb.
     0 | D:1      | Reached XP level 1. HP: 17/17 MP: 3/3
   385 | D:1      | Reached XP level 2. HP: 14/24 MP: 4/4
   422 | D:1      | Learned a level 2 spell: Shroud of Golubria
  1045 | D:1      | Reached XP level 3. HP: 26/29 MP: 4/6
  1050 | D:1      | Learned a level 3 spell: Spectral Weapon
  1538 | D:2      | Reached XP level 4. HP: 25/36 MP: 3/7
  1626 | D:2      | Found a white marble altar of Elyvilon.
  2017 | D:2      | Found a bloodstained altar of Trog.
  2018 | D:2      | Found a glowing golden altar of the Shining One.
  2020 | D:2      | Found a stormy altar of Qazlal.
  2104 | D:2      | Reached skill level 5 in Axes
  2104 | D:2      | Reached XP level 5. HP: 3/47 MP: 2/11
  2104 | D:2      | HP: 2/47 [poisoned by an adder]
  2324 | D:3      | Learned a level 3 spell: Regeneration
  2327 | D:3      | Learned a level 2 spell: Song of Slaying
  2542 | D:3      | Reached XP level 6. HP: 50/55 MP: 12/12
  2587 | D:3      | Found an iron altar of Okawaru.
  2806 | D:3      | Reached skill level 5 in Fighting
  2963 | D:3      | Reached skill level 1 in Armour
  3137 | D:3      | Found a deep blue altar of Sif Muna.
  3355 | D:4      | Reached skill level 1 in Translocations
  3582 | D:4      | Noticed Blork the orc
  3602 | D:4      | Killed Blork the orc
  3602 | D:4      | Reached XP level 7. HP: 47/61 MP: 6/13
  3930 | D:5      | Entered Level 5 of the Dungeon
  4042 | D:5      | Noticed Sigmund
  4077 | D:5      | Killed Sigmund
  4200 | D:5      | Reached skill level 1 in Necromancy
  4200 | D:5      | Reached XP level 8. HP: 24/68 MP: 3/14
  4424 | D:5      | Found a shattered altar of Ashenzari.
  4588 | D:5      | Found Fellauc's Antique Weapon Boutique.
  4700 | D:5      | Found a sacrificial altar of Ru.
  5876 | D:6      | Noticed Grinder
  6130 | D:7      | Noticed a +0 hand axe
  6130 | D:7      | Noticed a +0 hand axe
  6134 | D:7      | Found a hide-covered altar of Uskayaw.
  6170 | D:7      | Reached XP level 9. HP: 70/74 MP: 11/15
  6251 | D:7      | Noticed a two-headed ogre
  6253 | D:7      | Killed a two-headed ogre
  6290 | D:7      | Reached skill level 1 in Throwing
  6743 | D:7      | Noticed a cyclops
  6754 | D:7      | Killed a cyclops
  6856 | D:7      | Reached XP level 10. HP: 26/81 MP: 11/16
  7136 | D:6      | Killed Grinder
  7558 | D:6      | Found an ancient bone altar of Kikubaaqudgha.
  7558 | D:6      | Found a radiant altar of Vehumet.
  7688 | D:6      | Found a blossoming altar of Fedhas.
  7770 | D:7      | Found the +3 salamander hide armour {+Rage rF++}
  7787 | D:7      | Found a staircase to the Ecumenical Temple.
  7831 | Temple   | Entered the Ecumenical Temple
  7874 | Temple   | Became a worshipper of the Wu Jian Council
  8373 | D:8      | Found a shimmering altar of Xom.
  8749 | D:8      | HP: 1/81 [killer bee (9)]
  8752 | D:8      | Slain by a killer bee

Skill      XL: |  1  2  3  4  5  6  7  8  9 10 |
---------------+-------------------------------+-----
Axes           | 2 5 6 7 |  7.7
Charms         | 3 6 7 |  7.5
Spellcasting   | 2 4 |  4.3
Fighting       | 4 5 |  5.0
Hexes          | 4 |  4.1
Armour         | 1 2 3 |  3.0
Translocations | 1 2 3 |  3.2
Necromancy     | 1 3 |  3.9
Dodging        | 2 3 |  3.3
Throwing       | 2 3 |  3.8

Action                   |  1- 3 |  4- 6 |  7- 9 | 10-12 || total
-------------------------+-------+-------+-------+-------++-------
Melee: Hand axe          |   100 |   172 |    94 |       ||   366
       Kick              |     9 |    24 |    44 |    25 ||   102
       War axe           |       |       |   164 |   108 ||   272
Throw: Tomahawk          |       |       |     4 |    20 ||    24
 Cast: Infusion          |     3 |    11 |    23 |     6 ||    43
       Spectral Weapon   |       |     5 |    15 |     6 ||    26
       Song of Slaying   |       |     3 |     8 |     6 ||    17
       Regeneration      |       |     1 |       |       ||     1
       Shroud of Golubri |       |       |     2 |     1 ||     3
  Use: Potion            |       |     6 |     3 |     2 ||    11
       Scroll            |       |       |       |     2 ||     2
  Eat: Chunk             |     1 |     7 |    11 |     6 ||    25
Armor: Leather armour    |    59 |    77 |   119 |    60 ||   315
Dodge: Dodged            |    63 |   102 |   129 |    90 ||   384
